 Dungeon Crawl Stone Soup version 0.19.4-12-gccf7e64 (webtiles) character file.

2518 Mesmaeker13 the Covered (level 9, -2/69 HPs)
             Began as a Demonspawn Fighter on Feb 27, 2017.
             Was a Follower of Qazlal.
             Killed from afar by an electric eel (4 damage)
             ... with a bolt of electricity
             ... on level 8 of the Dungeon.
             The game lasted 00:13:16 (6811 turns).

Mesmaeker13 the Covered (Demonspawn Fighter)        Turns: 6811, Time: 00:13:17

Health: -2/69      AC: 16    Str: 24    XL:     9   Next: 29%
Magic:  9/9        EV:  7    Int: 11    God:    Qazlal [*.....]
Gold:   414        SH: 12    Dex:  8    Spells: 0 memorised, 8 levels left

rFire  . . .     SeeInvis .     y - +7 morningstar "Ymaqem" {freeze, Str+6 Dex-5}
rCold  . . .     Gourm    +     l - +1 plate armour
rNeg   . . .     Faith    .     c - +0 shield
rPois  +         Spirit   .     t - +0 helmet
rElec  .         Reflect  .     (no cloak)
rCorr  .         Harm     .     v - +0 pair of gloves
MR     .....                    (no boots)
Stlth  ..........               I - amulet of the gourmand
                                (no ring)
                                o - ring of poison resistance

@: no status effects
A: repulsion field 1, demonic guardian 1
a: Renounce Religion


You were on level 8 of the Dungeon.
You worshipped Qazlal.
Qazlal was aware of your devotion.
You were full.

You visited 2 branches of the dungeon, and saw 9 of its levels.
You also visited: Ossuary.

You collected 621 gold pieces.
You spent 207 gold pieces at shops.

Inventory:

Hand Weapons
 a - a +2 flail
 y - the +7 morningstar "Ymaqem" (weapon) {freeze, Str+6 Dex-5}
   (You bought it in a shop on level 5 of the Dungeon)

   It has been specially enchanted to freeze those struck by it, causing extra
   injury to most foes and up to half again as much damage against particularly
   susceptible opponents.
   It can also slow down cold-blooded creatures.
   It affects your strength (+6).
   It affects your dexterity (-5).
Armour
 c - a +0 shield (worn)
 l - a +1 plate armour (worn)
 t - a +0 helmet (worn)
 v - a +0 pair of gloves (worn)
 x - the +3 ring mail of the Original Sin {*Corrode rElec rC+, unknown}
   (You found it on level 5 of the Dungeon)

   It protects you from cold.
   It insulates you from electricity.
   It may corrode you when you take damage.
Jewellery
 o - a ring of poison resistance (left hand)
 F - an uncursed ring of flight {unknown}
 I - an amulet of the gourmand (around neck)
Wands
 n - a wand of lightning (2/15)
 D - a wand of lightning (4/15)
 K - a wand of lightning (11/15)
Scrolls
 j - 3 scrolls of amnesia
 m - 2 scrolls of blinking {unknown}
 p - a scroll of teleportation {unknown}
 s - 2 scrolls of recharging {unknown}
 u - 3 scrolls of fear
 w - 3 scrolls of remove curse {unknown}
 z - a scroll of random uselessness {unknown}
 H - a scroll of silence {unknown}
 J - a scroll of immolation {unknown}
Potions
 d - a potion of might
 e - 2 potions of haste
 h - a potion of curing
 i - a potion of resistance
 k - a potion of heal wounds {unknown}
 q - a potion of agility {unknown}
 r - 2 potions of flight {unknown}
 A - 2 potions of magic
 B - 2 potions of mutation {unknown}
 C - 2 potions of brilliance {unknown}
 G - a potion of degeneration {unknown}
Comestibles
 b - a slice of pizza
 f - 2 bread rations
 g - 3 beef jerkies
 E - 2 meat rations


   Skills:
 - Level 6.0 Fighting
 + Level 6.1 Maces & Flails
 + Level 6.8 Armour
 + Level 6.6 Shields


You had 8 spell levels left.
You didn't know any spells.

Dungeon Overview and Level Annotations

Branches:
Dungeon (8/15)             Temple (1/1) D:6
   Lair: D:8-11

Altars:
Ashenzari
Cheibriados
Elyvilon
Fedhas
Gozag
Hepliaklqana
Kikubaaqudgha
Makhleb
Nemelex Xobeh
Okawaru
Qazlal
Ru
Sif Muna
Trog
Vehumet
Xom
Yredelemnul
The Shining One

Shops:
D:4 *   D:5 (


Innate Abilities, Weirdness & Mutations

You are surrounded by a mild repulsion field. (EV +2)
A weak demonic guardian rushes to your aid.


Message History

* * * LOW HITPOINT WARNING * * *
Unknown command.
Evoke which item? (* to show all) (? for menu, Esc to quit)
Zapping:
D - a wand of lightning (will waste charges)
Press: ? - help, Shift-Dir - straight line, f - electric eel
Aim: an electric eel (moderately wounded)
You hear a mighty clap of thunder!
The bolt of lightning misses the electric eel.
Your demonic guardian avoids your attack.
Evoking this partially-identified wand wasted a few charges.
You hear a shout!
The electric eel shoots out a bolt of lightning at you!
The bolt of electricity hits you!
* * * LOW HITPOINT WARNING * * *
Your white imp gestures at the electric eel.
The puff of frost hits the electric eel.
The electric eel shoots out a bolt of lightning at you!
The bolt of electricity misses the electric eel.
The bolt of electricity hits you!
You die...

.......†......≈≈≈≈≈....
......#'''#...≈≈≈≈≈≈....
.....##...##...≈≈≈≈≈≈...
....##.....##..≈≈≈≈≈≈≈..
♣...#...<...#..≈≈≈≈≈≈≈≈;
♣♣..#.......#..♣≈≈≈≈≈≈≈≈
♣..#..<.<..#..♣.≈5≈≈≈≈≈
♣..##.....##...♣;≈≈≈≈≈≈
♣♣..##...##.≈≈♣@≈≈≈≈≈≈≈
♣♣..#####...≈≈.§♣≈≈≈≈≈
♣........≈≈≈≈≈..≈ ≈≈≈
♣........≈.≈♣.....≈ ≈
♣..............≈...≈≈
............≈≈..♣≈≈≈≈♣..
♣♣......♣≈.≈≈≈≈.≈≈≈≈≈≈ ≈
♣♣♣♣.≈.≈≈..≈≈≈...≈≈≈≈≈
♣≈≈≈≈......≈...


You could see 2 electric eels and a friendly white imp.

Vanquished Creatures
  A hog (D:8)
  A hungry ghost (D:7)
  A water moccasin (D:7)
  A phantom (D:6)
  An orc warrior (D:6)
  A centaur (D:5)
  2 ogres
  6 bullfrogs
  A water moccasin skeleton (D:4)
  4 scorpions
  5 killer bees
  2 crimson imps (D:7)
  A centaur zombie (D:5)
  3 hounds
  4 orc wizards
  A bullfrog skeleton (D:7)
  An orc priest (D:5)
  An iguana (D:5)
  5 worker ants
  A big kobold zombie (Ossuary)
  8 mummies (Ossuary)
  A howler monkey zombie (D:6)
  A worker ant zombie (D:5)
  9 adders
  4 gnolls (D:6)
  3 shadow imps
  A white imp (D:7)
  An ooze (D:2)
  2 adder skeletons
  4 dart slugs
  3 leopard geckos
  19 orcs
  5 bats
  2 giant cockroaches
  2 gnoll zombies (Ossuary)
  7 goblins
  6 hobgoblins
  2 jackals (D:7)
  7 kobolds
  A quokka (D:6)
  4 ball pythons
  A frilled lizard (D:4)
  5 hobgoblin zombies
  A jackal skeleton (D:4)
  A kobold skeleton (D:7)
  4 kobold zombies
  An orc skeleton (D:7)
  2 orc zombies
  2 quokka skeletons
  5 rats
157 creatures vanquished.

Notes
Turn   | Place    | Note
-------+----------+-------------------------------------------
     0 | D:1      | Mesmaeker13 the Demonspawn Fighter began the quest for the Orb.
     0 | D:1      | Reached XP level 1. HP: 18/18 MP: 1/1
   233 | D:1      | Gained mutation: You are surrounded by a mild repulsion field. (EV +2) [demonic ancestry]
   233 | D:1      | Reached XP level 2. HP: 24/24 MP: 2/2
   753 | D:2      | Reached XP level 3. HP: 19/29 MP: 3/3
   967 | D:2      | Found a blossoming altar of Fedhas.
  1648 | D:3      | Reached XP level 4. HP: 33/35 MP: 4/4
  2188 | D:4      | Reached XP level 5. HP: 39/42 MP: 5/5
  2358 | D:4      | Noticed an ogre
  2375 | D:4      | Killed an ogre
  2499 | D:4      | Found Muyff's Elemental Accessories.
  2516 | D:4      | Found an opulent altar of Gozag.
  2743 | D:4      | Reached XP level 6. HP: 47/48 MP: 6/6
  3019 | D:5      | Entered Level 5 of the Dungeon
  3242 | D:5      | Found a bloodstained altar of Trog.
  3625 | D:5      | Reached XP level 7. HP: 42/55 MP: 7/7
  3886 | D:5      | You fall through a shaft for 2 floors!
  4176 | D:5      | Reached skill level 5 in Fighting
  4303 | D:5      | Got a topaz-encrusted ring mail
  4344 | D:5      | Found Xerphuops's Antique Weapon Shop.
  4356 | D:5      | Bought an iridescent morningstar for 207 gold pieces
  4356 | D:5      | Identified the +7 morningstar "Ymaqem" {freeze, Str+6 Dex-5} (You bought it in a shop on level 5 of the Dungeon)
  4396 | D:5      | Found a basalt altar of Yredelemnul.
  4472 | D:6      | Found a sand-covered staircase.
  4482 | Ossuary  | Entered an ossuary
  4871 | D:6      | Found a sacrificial altar of Ru.
  4891 | D:6      | Reached skill level 5 in Armour
  4998 | D:6      | Found a staircase to the Ecumenical Temple.
  5007 | Temple   | Entered the Ecumenical Temple
  5095 | Temple   | Became a worshipper of Qazlal Stormbringer
  5462 | D:6      | Reached XP level 8. HP: 63/63 MP: 8/8
  5479 | D:6      | Reached skill level 5 in Shields
  6011 | D:7      | Found a glowing golden altar of the Shining One.
  6018 | D:7      | Reached * piety under Qazlal
  6051 | D:7      | Reached skill level 5 in Maces & Flails
  6323 | D:7      | Gained mutation: A weak demonic guardian rushes to your aid. [demonic ancestry]
  6323 | D:7      | Reached XP level 9. HP: 63/69 MP: 9/9
  6811 | D:8      | HP: 2/69 [electric eel/bolt of electricity (10)]
  6811 | D:8      | Killed from afar by an electric eel

Skill      XL: |  1  2  3  4  5  6  7  8  9 |
---------------+----------------------------+-----
Maces & Flails | 2 3 4 5 6 |  6.1
Armour         | 3 4 5 6 |  6.8
Shields        | 3 4 6 |  6.6
Fighting       | 4 5 6 |  6.0

Action                   |  1- 3 |  4- 6 |  7- 9 || total
-------------------------+-------+-------+-------++-------
Melee: Flail             |   145 |   201 |    86 ||   432
       Morningstar       |       |       |   207 ||   207
Evoke: Wand              |       |       |     1 ||     1
  Use: Scroll            |     5 |       |     6 ||    11
       Potion            |       |       |     1 ||     1
 Stab: Paralysed         |       |       |     1 ||     1
  Eat: Chunk             |     3 |     6 |    14 ||    23
       Bread ration      |       |       |     1 ||     1
       Meat ration       |       |       |     1 ||     1
Armor: Scale mail        |    11 |       |       ||    11
       Plate armour      |    63 |   111 |   188 ||   362
Dodge: Dodged            |    22 |    41 |    85 ||   148
Block: Shield            |    78 |    89 |   199 ||   366
